 Dungeon Sprint DCSS version bcrawl-1.12-8-g964540c432 (webtiles) character file.

Game seed: 1566817254114460771

4000000 Hercules1031 the Intangible (level 27, -9/249 HPs)
             Began as a Formicid Fighter on June 8, 2019.
             Was the Champion of Makhleb.
             Mangled by a meat berserker
             ... wielding a +9 battleaxe
              (52 damage)
             ... in the Dungeon (Sprint VIII: "Arena of Blood").
             The game lasted 00:01:40 (40 turns).

Hercules1031 the Intangible (Formicid Fighter)        Turns: 40, Time: 00:01:41

Health: -9/249     AC: 13    Str: 24    XL:     27
Magic:  26/54      EV: 32    Int:  9    God:    Makhleb [******]
Gold:   0          SH: 19    Dex: 19    Spells: 80/80 levels left

rFire    . . .     SeeInvis +   l - +∞ Axe of Woe
rCold    . . .     Gourm    .   c - +0 shield
rNeg     . . .     Faith    .   b - +0 scale mail
rPois    .         Spirit   .   (helmet unavailable)
rElec    .         Reflect  .   (no cloak)
rCorr    .         Harm     .   (no gloves)
MR       ++...                  (no boots)
Stlth    ++++++++..             (no amulet)
HPRegen  0.51/turn              (no ring)
MPRegen  0.34/turn              (no ring)

@: no status effects
A: permanent stasis, dig shafts and tunnels, four strong arms, antennae 3
a: Dig, Minor Destruction, Lesser Servant of Makhleb, Major Destruction, Greater
Servant of Makhleb, Renounce Religion


You were in the Dungeon.
You worshipped Makhleb.
Makhleb was exalted by your worship.
You were not hungry.

You visited 1 branch

Inventory:

Hand Weapons
 a - a +0 war axe
 l - the +∞ Axe of Woe (weapon)
   (You found it in the Dungeon)
Armour
 b - a +0 scale mail (worn)
 c - a +0 shield (worn)
Scrolls
 k - a scroll of blinking
Potions
 d - a potion of might
 e - a potion of curing
 g - a potion of heal wounds
 h - a potion of haste
 i - 2 potions of magic
 j - a potion of berserk rage
Comestibles
 f - a ration {!d}


   Skills:
 O Level 27 Fighting
 O Level 27 Axes
 O Level 27 Throwing
 O Level 27 Armour
 O Level 27 Dodging
 O Level 27 Stealth
 O Level 27 Shields
 O Level 27 Unarmed Combat
 O Level 27 Spellcasting
 O Level 27 Invocations


You had 80 spell levels left.
You didn't know any spells.
Your spell library was empty.

Dungeon Overview and Level Annotations

Branches:
Dungeon (1/1)

Altars:
Makhleb


Innate Abilities, Weirdness & Mutations

You cannot be hasted, slowed, berserked, paralysed or teleported.
You can dig through walls and to a lower floor.
Your four strong arms can wield two-handed weapons with a shield.
You have a pair of large antennae on your head. (SInv)


Message History

You block the meat berserker's attack.
A meat berserker comes into view. It is wielding a +9 battleaxe.
The eight-headed meat hydra calls on the powers of darkness!
The eight-headed meat hydra convulses!
The meat berserker convulses!
The bag of meat convulses! x2; The meat berserker convulses!
The bag of meat convulses! x11; The meat berserker convulses!
The bag of meat convulses! x2; Your body is wracked with pain!
The bag of meat convulses!
The meat berserker convulses!
The destroyer blinks!
You hear a shout!
A crawling corpse merges with a small abomination to form a large abomination.
You hear a shout!
The bag of meat hits you with a +9 war axe!!
* * * LOW HITPOINT WARNING * * *
The destroyer blinks!
The bag of meat hits you with a +9 war axe!!
* * * LOW HITPOINT WARNING * * *
You hear a shout!
The destroyer blinks!
The meat berserker hits you with a +9 battleaxe!!!
You die...

..................O.#
................ODo§.
........O...§o......#
#.......#....oo..o... {
#.......#..o.ozoo...#
.###.......###oxz.o.....
......###....xooOooV..##
......_.X.xz)xV@xV.....
..#.....#.X))OOo#.#...
#_.<._#.X...oV....
..#.z.))#...x.z#.#o#
.....O_☼.)V.......o.o.
......###)o.......#o#.#O
.###.. ..o.###.......{z
{{#.. ....# .M§...... #{
.....#


You could see an accursed, an eight-headed meat hydra, 5 destroyers, 4 sculptors
of flesh, 2 large bags of meat, 3 large abominations, 5 meat berserkers, a small
abomination, 23 bags of meat and 5 crawling corpses.

Vanquished Creatures
  5 vampire knights (D)
  17 ogres (D)
  A two-headed ogre (D)
  20 orcs (D)
  2 small abominations (D)
  3 crawling corpses (D)
48 creatures vanquished.

Notes
Turn   | Place    | Note
-------+----------+-------------------------------------------
     0 | D        | Found the +∞ Axe of Woe
     0 | D        | Hercules1031 the Formicid Fighter began the quest for the
                  | Orb.
     0 | D        | Reached XP level 1. HP: 18/18 MP: 1/1
     1 | D        | Noticed a bag of meat
     2 | D        | Noticed a bag of meat
     4 | D        | Became a worshipper of Makhleb the Destroyer
     4 | D        | Noticed a bag of meat
     6 | D        | Noticed a meat berserker
     7 | D        | Killed a bag of meat
     7 | D        | Reached skill level 15 in Shields
     7 | D        | Reached XP level 2. HP: 43/43 MP: 2/2
     7 | D        | Reached XP level 3. HP: 49/49 MP: 3/3
     7 | D        | Reached XP level 4. HP: 56/56 MP: 4/4
     7 | D        | Reached XP level 5. HP: 62/62 MP: 5/5
     7 | D        | Reached XP level 6. HP: 69/69 MP: 6/6
     7 | D        | Reached XP level 7. HP: 75/75 MP: 7/7
     7 | D        | Reached XP level 8. HP: 82/82 MP: 8/8
     7 | D        | Reached XP level 9. HP: 88/88 MP: 9/9
     7 | D        | Reached XP level 10. HP: 95/95 MP: 10/10
     7 | D        | Reached XP level 11. HP: 101/101 MP: 11/11
     7 | D        | Reached XP level 12. HP: 108/108 MP: 12/12
     7 | D        | Noticed a meat berserker
     7 | D        | Noticed a meat berserker
     8 | D        | Killed a bag of meat
     8 | D        | Reached * piety under Makhleb
     8 | D        | Reached XP level 13. HP: 119/119 MP: 13/13
     8 | D        | Noticed a bag of meat
     8 | D        | Noticed a bag of meat
     8 | D        | Noticed a bag of meat
     9 | D        | Killed a meat berserker
     9 | D        | Reached XP level 14. HP: 133/133 MP: 14/14
     9 | D        | Reached XP level 15. HP: 139/139 MP: 15/15
    10 | D        | Killed a meat berserker
    10 | D        | Reached XP level 16. HP: 110/150 MP: 16/16
    10 | D        | Reached ** piety under Makhleb
    10 | D        | Killed a meat berserker
    10 | D        | Reached XP level 17. HP: 121/164 MP: 17/17
    10 | D        | Noticed a meat berserker
    11 | D        | Reached skill level 27 in Dodging
    12 | D        | Reached *** piety under Makhleb
    12 | D        | Reached XP level 18. HP: 177/177 MP: 18/18
    12 | D        | Noticed a meat berserker
    12 | D        | Noticed a large bag of meat
    12 | D        | Noticed a meat berserker
    13 | D        | Reached skill level 27 in Shields
    14 | D        | Killed a meat berserker
    14 | D        | Reached skill level 27 in Fighting
    14 | D        | Reached skill level 27 in Armour
    14 | D        | Reached **** piety under Makhleb
    14 | D        | Reached XP level 19. HP: 189/189 MP: 19/19
    15 | D        | Killed a meat berserker
    15 | D        | Reached skill level 27 in Axes
    15 | D        | Reached XP level 20. HP: 197/197 MP: 20/20
    16 | D        | Reached skill level 15 in Invocations
    17 | D        | Killed a large bag of meat
    17 | D        | Reached ***** piety under Makhleb
    17 | D        | Reached skill level 15 in Throwing
    17 | D        | Reached skill level 15 in Unarmed Combat
    17 | D        | Reached skill level 15 in Spellcasting
    17 | D        | Reached XP level 21. HP: 204/204 MP: 20/40
    18 | D        | Killed a meat berserker
    18 | D        | Noticed a meat berserker
    18 | D        | Noticed a destroyer
    19 | D        | Reached XP level 22. HP: 212/212 MP: 20/45
    19 | D        | Noticed a destroyer
    22 | D        | Noticed a meat berserker
    24 | D        | Noticed a destroyer
    25 | D        | Noticed a meat berserker
    26 | D        | Noticed a destroyer
    26 | D        | Noticed a meat berserker
    27 | D        | Noticed a meat berserker
    28 | D        | Noticed a meat berserker
    28 | D        | Noticed a meat berserker
    28 | D        | Noticed a meat berserker
    28 | D        | Noticed a destroyer
    29 | D        | Killed a meat berserker
    29 | D        | Reached skill level 27 in Stealth
    29 | D        | Reached XP level 23. HP: 193/219 MP: 23/49
    29 | D        | Reached ****** piety under Makhleb
    29 | D        | Reached skill level 27 in Invocations
    31 | D        | Noticed a destroyer
    32 | D        | Reached skill level 27 in Throwing
    32 | D        | Reached skill level 27 in Unarmed Combat
    32 | D        | Reached skill level 27 in Spellcasting
    32 | D        | Reached XP level 24. HP: 227/227 MP: 24/54
    32 | D        | Killed a destroyer
    32 | D        | Noticed a large bag of meat
    33 | D        | Reached XP level 25. HP: 234/234 MP: 24/54
    33 | D        | Killed a destroyer
    34 | D        | Reached XP level 26. HP: 242/242 MP: 24/54
    34 | D        | Noticed a destroyer
    35 | D        | Killed a destroyer
    35 | D        | Killed a destroyer
    35 | D        | Reached XP level 27. HP: 249/249 MP: 24/54
    36 | D        | Noticed a destroyer
    37 | D        | Killed a destroyer
    39 | D        | Noticed an accursed
    39 | D        | Noticed a destroyer
    39 | D        | Noticed a destroyer
    40 | D        | Noticed a large bag of meat
    40 | D        | Mangled by a meat berserker

Skill      XL: |  1  2  3  4  5  6  7  8  9 10 11 12 13 14 15 16 17 18 19 20 21 22 23 |
---------------+----------------------------------------------------------------------+-----
Fighting       | 14 16 19 20 23 25 27 | 27.0
Armour         | 14 16 19 20 23 25 27 | 27.0
Dodging        | 16 18 21 23 26 27 | 27.0
Shields        | 15 17 20 22 24 26 27 | 27.0
Axes           | 21 27 | 27.0
Throwing       | 15 19 22 27 | 27.0
Stealth        | 19 23 27 | 27.0
Unarmed Combat | 15 19 22 27 | 27.0
Spellcasting   | 15 19 22 27 | 27.0
Invocations    | 17 22 26 27 | 27.0

Action                   |  1- 3 |  4- 6 |  7- 9 | 10-12 | 13-15 | 16-18 | 19-21 | 22-24 | 25-27 || total
-------------------------+-------+-------+-------+-------+-------+-------+-------+-------+-------++-------
Melee: Executioner's axe |     1 |       |       |     1 |     2 |     4 |     5 |     6 |     4 ||    23
Armor: Scale mail        |       |       |       |       |       |       |       |     1 |       ||     1
Dodge: Dodged            |       |       |       |       |       |     1 |     2 |     3 |     2 ||     8
Block: Shield            |       |       |       |       |     3 |     3 |     1 |       |     1 ||     8
